 Dungeon Crawl Stone Soup version 0.31-a0-150-g89dc3ad700 (webtiles) character file.

Game seed: 8481384396169396905

92837 qw the Marksgargoyle (level 16, -2/110 HPs)
             Began as a Gargoyle Hunter on June 8, 2023.
             Was an Elder of Okawaru.
             Killed from afar by Azrael (23 damage)
             ... with damnation
             ... on level 2 of the Orcish Mines.
             The game lasted 00:10:01 (20492 turns).

qw the Marksgargoyle (Gargoyle Hunter)             Turns: 20492, Time: 00:10:02

Health: -2/110     AC: 25    Str: 14    XL:     16   Next: 7%
Magic:  23/23      EV: 37    Int:  9    God:    Okawaru [****..]
Gold:   2681       SH:  5    Dex: 28    Spells: 15/15 levels left

rFire   + + .        j - +2 longbow (freeze)
rCold   . . .        (shield currently unavailable)
rNeg    + . .        f - +0 leather armour of Gravitas {rPois rF++ Int-4 Dex+3}
rPois   inf          l - +2 helmet
rElec   +            e - +0 cloak
rCorr   .            a - +0 pair of gloves
SInv    .            x - +2 pair of slick slippers {slick, slippery, EV+4}
Will    +....        r - amulet of reflection
Stlth   +++++        q - ring "Agaam" {EV+5 Stlth+}
HPRegen 0.38/turn    n - +6 ring of dexterity
MPRegen 0.18/turn

%: reflection
@: heroic, flying
A: sickness immunity, AC +12, big wings, negative energy resistance 1,
electricity resistance, torment resistance 1, petrification resistance
a: Renounce Religion, Heroism, Finesse


You were on level 2 of the Orcish Mines.
You worshipped Okawaru.
Okawaru was greatly pleased with you.
You visited 4 branches of the dungeon, and saw 23 of its levels.

You collected 2681 gold pieces.


Innate Abilities, Weirdness & Mutations

You are immune to sickness and miasma.
Your stone body is resilient. (AC +12)
You are immune to poison.
Your large and strong wings let you fly.
You resist negative energy. (rN+)
You are resistant to electric shocks. (rElec)
You are resistant to unholy torment.
You are immune to petrification.


   Skills:
 - Level 16.0(21.0) Fighting
 + Level 17.7(22.7) Ranged Weapons
 - Level 7.0(12.0) Armour
 - Level 11.3(16.3) Dodging
 - Level 1.1(6.1) Stealth
 - Level 10.0 Invocations


You had 15 spell levels left.
You didn't know any spells.
Your spell library was empty.

Inventory:

Hand Weapons
 j - a +2 longbow of freezing (weapon)
 m - a +1 arbalest of flaming
Armour
 a - a +0 pair of gloves (worn)
 e - a +0 cloak (worn)
 f - the +0 leather armour of Gravitas (worn) {rPois rF++ Int-4 Dex+3}
   (You found it on level 2 of the Dungeon)

   Int:       It affects your intelligence (-4).
   Dex:       It affects your dexterity (+3).
   rF:        It greatly protects you from fire.
   rPois:     It protects you from poison.
 l - a +2 helmet (worn)
 t - a +0 troll leather armour
 x - the +2 pair of slick slippers (worn) {slick, slippery, EV+4}
   (You found it on level 5 of the Lair of Beasts)

   Slick:     Its wearer cannot be constricted, engulfed, netted or webbed.
   Slippery:  Its wearer slips away from damaging melee attacks, pulling the
   attacker onward.
   EV:        It affects your evasion (+4).
Jewellery
 n - a +6 ring of dexterity (right hand)
 q - the ring "Agaam" (left hand) {EV+5 Stlth+}
   (You acquired it on level 2 of the Lair of Beasts)

   [ring of evasion]

   EV:        It affects your evasion (+5).
   Stlth:     It makes you more stealthy.
 r - an amulet of reflection (around neck)
Wands
 u - a wand of digging (16)
Scrolls
 b - 4 scrolls of identify
Potions
 c - 2 potions of haste
 d - 4 potions of curing
 g - 2 potions of cancellation
 h - 2 potions of might
 o - 2 potions of resistance
 s - 2 potions of mutation

Dungeon Overview and Level Annotations

Branches:
Dungeon (15/15)            Temple (1/1) D:7            Lair (5/5) D:8
 Shoals (0/4) Lair:3        Snake (0/4) Lair:2        Slime (0/5) Lair:5
    Orc (2/2) D:12         Vaults (0/5) D:13         Depths (0/4) D:15
    Elf: Orc:2

Altars:
Ashenzari
Cheibriados
Dithmenos
Elyvilon
Fedhas
Gozag
Hepliaklqana
Kikubaaqudgha
Makhleb
Nemelex Xobeh
Okawaru
Qazlal
Ru
Sif Muna
Uskayaw
Vehumet
Wu Jian
Xom
Yredelemnul
Zin
The Shining One
Jiyva

Shops:
D:1 *   Orc:2 =[(

Annotations:
D:3 2 runed translucent doors, qw's ghost, amateur MiHu
Lair:1 2 transporters
Lair:2 1 runed translucent door, qw's ghost, journeyman MiHu
Orc:2 Azrael; Sonja


Message History

An orc knight comes into view. It is wielding a +3 war axe.
An orc comes into view. It is wielding a +0 dagger.
You shoot an arrow. The arrow hits the orc knight!!
The arrow freezes the orc knight.
The orc knight is heavily wounded.
You shoot an arrow. The arrow hits the orc knight!
The arrow freezes the orc knight!
The orc knight is almost dead.
You shoot an arrow. The arrow hits the orc knight!!
The arrow freezes the orc knight.
You kill the orc knight!
Okawaru accepts your kill.
A hell hound comes into view.
You shoot an arrow. The arrow closely misses the orc.
A fire elemental comes into view.
You shoot an arrow. The arrow barely misses the orc.
The hell hound barks!
You hear a shout!
A fire elemental comes into view.
Azrael the Boundless Flame comes into view.
He is wielding a +4 scimitar of flaming.
You shoot an arrow. The arrow barely misses the hell hound.
The arrow closely misses the fire elemental.
An orc warrior comes into view. It is wielding a +0 dire flail.
You shoot an arrow. The arrow hits the hell hound.
The arrow freezes the hell hound.
The hell hound is lightly wounded.
You shoot an arrow. The arrow hits the hell hound!!
The arrow freezes the hell hound!
You kill the hell hound!
Okawaru accepts your kill.
You shoot an arrow. The arrow hits the orc!
The arrow freezes the orc.
You kill the orc!
You shoot an arrow. The arrow hits the hell hound!!
The arrow freezes the hell hound!
You kill the hell hound!
Okawaru accepts your kill.
An orc warrior comes into view. It is wielding a +0 short sword.
Azrael gestures at you.
The sphere of damnation explodes!
The damnation engulfs you!!
You die...

.....##....O0
#)....#...0..
#.......o0)0o
#.......0.00.
......E.R0).
#....%0...#
#....E.....
#.@.).....
##........
##..###.) ###


You could see Azrael, 2 fire elementals, 2 orc warriors and an ogre.

Vanquished Creatures
  Jorgrun (Orc:2)
  An orc warlord (Orc:2)
  A stone giant (D:15)
  A very ugly thing (D:15)
  Snorg (D:14)
  Josephine (Orc:1)
  A rakshasa (D:13)
  4 vault guards (D:13)
  A hydra (Lair:2)
  An ogre mage (D:13)
  A boulder beetle (Lair:5)
  A catoblepas (D:13)
  6 centaur warriors
  4 death yaks (Lair:5)
  7 two-headed ogres
  2 orc high priests (Orc:2)
  2 tengu warriors (D:15)
  2 sun demons
  5 skeletal warriors (D:13)
  2 skysharks
  2 wizards (D:13)
  6 orc knights
  4 harpies (Lair:3)
  A deep elf pyromancer (D:15)
  10 ugly things
  2 manticores
  An orc sorcerer (Orc:2)
  6 cyclopes
  16 elephants
  3 black mambas
  A centaur zombie (D:10)
  2 smoke demons (D:10)
  A rust devil (D:10)
  5 gargoyles
  16 cane toads
  An orange demon (D:10)
  2 centaur skeletons (D:10)
  6 komodo dragons
  2 unseen horrors (D:12)
  2 rime drakes
  An unseen horror zombie (D:10)
  3 ice devils
  3 red devils (D:10)
  6 trolls
  A hellwing (D:10)
  4 polar bears
  A tarantella (shapeshifter) (D:15)
  A blink frog (shapeshifter) (D:13)
  5 hornets (Lair:5)
  9 blink frogs
  9 dream sheep
  13 spriggans (Lair:5)
  A jumping spider (shapeshifter) (D:13)
  2 vampires
  4 wyverns
  4 basilisks
  2 shadows
  2 fire elementals
  A human (D:13)
  6 wraiths
  2 neqoxecs (D:10)
  26 yaks
  4 steam dragons
  3 chaos spawn (D:10)
  17 vampire mosquitoes
  5 nagas (Lair:2)
  14 water moccasins
  A warg (Orc:2)
  5 acid dragons
  2 hell hounds (Orc:2)
  27 orc warriors
  3 sky beasts (D:7)
  An ice beast (D:6)
  5 black bears
  22 wolves
  12 centaurs
  9 ogres
  4 boggarts (Lair:5)
  2 phantoms (D:5)
  2 kobold brigands
  14 bullfrogs
  Blork the orc (D:4)
  2 gnoll sergeants
  2 scorpions
  14 wights
  13 killer bees (D:9)
  4 electric eels
  5 howler monkeys
  4 crimson imps (D:15)
  A spectral centaur (D:10)
  4 quasits (D:10)
  5 hounds
  3 jellies
  14 orc priests
  A sleepcap (D:5)
  5 iguanas
  14 orc wizards
  5 hell rats (Lair:3)
  12 gnolls
  11 adders
  4 white imps (D:15)
  2 ufetubi
  3 dart slugs
  55 orcs
  8 endoplasms
  3 giant cockroaches
  6 goblins
  12 hobgoblins
  9 jackals
  4 quokkas (D:4)
  9 ball pythons
  3 bats
  19 kobolds
  A rat (D:3)
  A spectral goblin (D:13)
651 creatures vanquished.

Vanquished Creatures (others)
  An orc wizard (Orc:2)
  6 orcs
7 creatures vanquished.

Grand Total: 658 creatures vanquished

Notes
Turn   | Place    | Note
-------+----------+-------------------------------------------
     0 | D:1      | qw the Gargoyle Hunter began the quest for the Orb.
     0 | D:1      | Reached XP level 1. HP: 12/12 MP: 1/1
     0 | D:1      | 0 ||| qw: Version: 0.2-a-120-gdf1a93b
     0 | D:1      | 0 ||| qw: Game counter: 3014
     0 | D:1      | 0 ||| qw: Always use a shield: true
     0 | D:1      | 0 ||| qw: God list: Okawaru
     0 | D:1      | 0 ||| qw: Allow faded altars: false
     0 | D:1      | 0 ||| qw: Do Orc after D:15 true
     0 | D:1      | 0 ||| qw: Do second Lair branch before Depths: true
     0 | D:1      | 0 ||| qw: Lair rune preference: random
     0 | D:1      | 0 ||| qw: Plans: Normal
     0 | D:1      | 0 ||| PLANNING D:1-11
   174 | D:1      | Found Yxtatticw's Assorted Antiques.
   183 | D:1      | 183 ||| SHOPLISTING 2 scrolls labelled VUEZEPL MAGUY (58
                  | gold, have 24).
   183 | D:1      | 183 ||| SHOPLISTING grey potion (26 gold, have 24).
   183 | D:1      | 183 ||| SHOPLISTING runed robe (107 gold, have 24).
   183 | D:1      | 183 ||| SHOPLISTING scroll labelled MEHUESOVOR (29 gold,
                  | have 24).
   183 | D:1      | 183 ||| SHOPLISTING scroll labelled VIMMEPH JISEK (29 gold,
                  | have 24).
   183 | D:1      | 183 ||| SHOPLISTING scroll labelled VYDIB OPPE (29 gold,
                  | have 24).
   227 | D:1      | Reached XP level 2. HP: 17/17 MP: 2/2
   477 | D:1      | Reached XP level 3. HP: 21/21 MP: 3/3
   667 | D:1      | 667 ||| FLEEEEING.
   680 | D:1      | Reached skill level 5 in Ranged Weapons
   744 | D:1      | 744 ||| UPGRADING to amulet of the acrobat.
   749 | D:1      | 749 ||| DROPPING ring of flight.
   750 | D:1      | 750 ||| READING scroll labelled VUEZEPL MAGUY.
   751 | D:1      | 751 ||| READING scroll labelled GEWEET SAE.
   752 | D:1      | 752 ||| READING scroll labelled BIABIG KOEFO.
   753 | D:1      | 753 ||| DROPPING scroll of butterflies.
   917 | D:2      | Identified the +0 leather armour of Gravitas {rPois rF++
                  | Int-4 Dex+3}
   956 | D:2      | Reached skill level 3 in Fighting
  1004 | D:2      | Reached XP level 4. HP: 28/28 MP: 4/4
  1383 | D:2      | 1383 ||| UPGRADING to +0 pair of gloves.
  1388 | D:2      | 1388 ||| UPGRADING to +0 cloak.
  1393 | D:2      | 1393 ||| UPGRADING to +0 leather armour of Gravitas {rPois
                  | rF++ Int-4 Dex+3}.
  1403 | D:2      | 1403 ||| DROPPING +0 leather armour.
  1404 | D:2      | 1404 ||| UPGRADING to +2 helmet.
  1409 | D:2      | 1409 ||| DRINKING 2 emerald potions.
  1410 | D:2      | 1410 ||| READING 2 scrolls of identify.
  1410 | D:2      | 1410 ||| IDENTIFYING cyan potion
  1486 | D:3      | Found a basalt altar of Yredelemnul.
  1644 | D:3      | Found a large runed translucent door.
  1644 | D:3      | Found a large runed translucent door.
  1674 | D:3      | Reached skill level 1 in Armour
  1837 | D:3      | Noticed qw's ghost (amateur MiHu)
  2021 | D:3      | Reached XP level 5. HP: 32/32 MP: 5/5
  2221 | D:3      | 2221 ||| UPGRADING to ring of ice.
  2328 | D:4      | Noticed Blork the orc
  2338 | D:4      | Killed Blork the orc
  2339 | D:4      | Reached skill level 6 in Ranged Weapons
  2352 | D:4      | 2352 ||| FLEEEEING.
  2353 | D:4      | 2353 ||| FLEEEEING.
  2354 | D:4      | 2354 ||| FLEEEEING.
  2355 | D:4      | 2355 ||| FLEEEEING.
  2356 | D:4      | 2356 ||| FLEEEEING.
  2357 | D:4      | 2357 ||| FLEEEEING.
  2359 | D:4      | 2359 ||| STAIRDANCE
  2402 | D:3      | 2402 ||| DROPPING scarf of invisibility.
  2403 | D:3      | 2403 ||| READING 2 scrolls of identify.
  2403 | D:3      | 2403 ||| IDENTIFYING ruby potion
  2623 | D:4      | Reached XP level 6. HP: 38/38 MP: 6/6
  2743 | D:4      | Found an ornate altar of the Wu Jian Council.
  2945 | D:4      | 2945 ||| UPGRADING to +6 ring of dexterity.
  2946 | D:4      | 2946 ||| READING scroll labelled JIKHASTRIDA.
  2947 | D:4      | 2947 ||| READING 3 scrolls labelled TOROON IZAOWEM.
  2948 | D:4      | 2948 ||| DRINKING 2 coppery potions.
  2949 | D:4      | 2949 ||| DROPPING 2 scrolls of poison.
  2979 | D:5      | Entered Level 5 of the Dungeon
  2983 | D:5      | Found a sparkling altar of Nemelex Xobeh.
  2983 | D:5      | Found a shadowy altar of Dithmenos.
  3118 | D:5      | Reached skill level 7 in Ranged Weapons
  3211 | D:5      | Reached XP level 7. HP: 43/43 MP: 7/7
  3385 | D:5      | Reached skill level 8 in Ranged Weapons
  3589 | D:5      | Reached XP level 8. HP: 42/49 MP: 8/8
  3592 | D:5      | Reached skill level 3 in Dodging
  3825 | D:5      | 3825 ||| READING 2 scrolls labelled VIMMEPH JISEK.
  3829 | D:5      | 3829 ||| DRINKING 2 fizzy green potions.
  3830 | D:5      | 3830 ||| READING 3 scrolls of identify.
  3830 | D:5      | 3830 ||| IDENTIFYING smoky clear potion
  3831 | D:5      | 3831 ||| READING 2 scrolls of identify.
  3831 | D:5      | 3831 ||| IDENTIFYING grey potion
  3832 | D:5      | 3832 ||| DROPPING potion of brilliance.
  3963 | D:6      | Reached skill level 9 in Ranged Weapons
  3983 | D:6      | 3983 ||| SWAPPING to +0 orcbow.
  3984 | D:6      | 3984 ||| DROPPING +0 shortbow.
  4191 | D:6      | Reached skill level 3 in Armour
  4489 | D:6      | 4489 ||| SWAPPING to +0 arbalest.
  4498 | D:6      | 4498 ||| DROPPING +0 orcbow.
  4555 | D:6      | Reached skill level 6 in Fighting
  4654 | D:6      | 4654 ||| FLEEEEING.
  4655 | D:6      | 4655 ||| FLEEEEING.
  4656 | D:6      | 4656 ||| FLEEEEING.
  4662 | D:6      | 4662 ||| FLEEEEING.
  4663 | D:6      | 4663 ||| FLEEEEING.
  4664 | D:6      | 4664 ||| FLEEEEING.
  4665 | D:6      | 4665 ||| FLEEEEING.
  4666 | D:6      | 4666 ||| FLEEEEING.
  4667 | D:6      | 4667 ||| FLEEEEING.
  4668 | D:6      | 4668 ||| FLEEEEING.
  4669 | D:6      | 4669 ||| FLEEEEING.
  4673 | D:6      | 4673 ||| FLEEEEING.
  4674 | D:6      | 4674 ||| FLEEEEING.
  4680 | D:6      | 4680 ||| Stepping ~*~*~tactically~*~*~ (outnumbered).
  4682 | D:6      | Reached XP level 9. HP: 56/56 MP: 9/9
  4683 | D:6      | 4683 ||| Stepping ~*~*~tactically~*~*~ (outnumbered).
  4969 | D:6      | 4969 ||| READING scroll labelled UGHITELELO.
  5009 | D:6      | 5009 ||| READING 3 scrolls of identify.
  5009 | D:6      | 5009 ||| IDENTIFYING amethyst potion
  5010 | D:6      | 5010 ||| READING 2 scrolls of identify.
  5010 | D:6      | 5010 ||| IDENTIFYING puce potion
  5011 | D:6      | 5011 ||| DROPPING potion of lignification.
  5105 | D:7      | Reached skill level 10 in Ranged Weapons
  5532 | D:7      | Found a staircase to the Ecumenical Temple.
  5533 | D:7      | 5533 ||| PLANNING TEMPLE
  5533 | D:7      | 5533 ||| READING scroll labelled YNUTA FOQAUN.
  5543 | Temple   | Entered the Ecumenical Temple
  5544 | Temple   | 5544 ||| PLANNING OKAWARU WORSHIP
  5634 | Temple   | Became a worshipper of Warmaster Okawaru
  5634 | Temple   | 5634 ||| PLANNING D:1-11
  5903 | D:7      | Reached * piety under Okawaru
  5929 | D:7      | Reached skill level 1 in Invocations
  6056 | D:7      | 6056 ||| READING scroll labelled ISCHOCV JUMU.
  6057 | D:7      | 6057 ||| READING scroll labelled POBLIMME CUYH.
  6081 | D:8      | 6081 ||| STAIRDANCE
  6084 | D:7      | Reached skill level 11 in Ranged Weapons
  6143 | D:8      | 6143 ||| INVOKING Heroism.
  6200 | D:8      | Found a blossoming altar of Fedhas.
  6343 | D:8      | Noticed a moth of wrath
  6344 | D:8      | 6344 ||| DROPPING +6 ring of intelligence.
  6459 | D:8      | Reached skill level 3 in Invocations
  6459 | D:8      | Reached XP level 10. HP: 63/63 MP: 12/12
  6524 | D:8      | Found a staircase to the Lair.
  6534 | D:8      | Reached ** piety under Okawaru
  6588 | D:8      | 6588 ||| Stepping ~*~*~tactically~*~*~ (outnumbered).
  6590 | D:8      | 6590 ||| Stepping ~*~*~tactically~*~*~ (outnumbered).
  6734 | D:8      | Found a snail-covered altar of Cheibriados.
  6754 | D:8      | Found a shimmering blue altar of Sif Muna.
  6820 | D:8      | 6820 ||| INVOKING Heroism.
  7147 | D:8      | 7147 ||| INVOKING Heroism.
  7254 | D:8      | 7254 ||| PLANNING LAIR
  7254 | D:8      | 7254 ||| UPGRADING to amulet of reflection.
  7264 | D:8      | 7264 ||| DROPPING amulet of the acrobat.
  7265 | D:8      | 7265 ||| READING scroll labelled RUWNUITOHY.
  7366 | D:8      | 7366 ||| READING 2 scrolls of identify.
  7366 | D:8      | 7366 ||| IDENTIFYING pink potion
  7367 | D:8      | 7367 ||| DROPPING potion of enlightenment.
  7382 | Lair:1   | Entered Level 1 of the Lair of Beasts
  7388 | Lair:1   | Identified the +6 orcbow of Ancient Evil {freeze, rElec
                  | Will+ Str+5}
  7390 | Lair:1   | 7390 ||| SWAPPING to +6 orcbow of Ancient Evil {freeze,
                  | rElec Will+ Str+5}.
  7395 | Lair:1   | Noticed a cane toad
  7396 | Lair:1   | 7396 ||| INVOKING Heroism.
  7398 | Lair:1   | Killed a cane toad
  7399 | Lair:1   | Reached skill level 12 in Ranged Weapons
  7422 | Lair:1   | Noticed a cane toad
  7425 | Lair:1   | Killed a cane toad
  7438 | Lair:1   | Noticed a cane toad
  7440 | Lair:1   | 7440 ||| INVOKING Heroism.
  7444 | Lair:1   | Killed a cane toad
  7536 | Lair:1   | Found a transporter.
  7541 | Lair:1   | Noticed a boulder beetle
  7542 | Lair:1   | Found a transporter.
  7542 | Lair:1   | Noticed a boulder beetle
  7566 | Lair:1   | 7566 ||| INVOKING Heroism.
  7685 | Lair:1   | Noticed a cane toad
  7686 | Lair:1   | 7686 ||| INVOKING Heroism.
  7690 | Lair:1   | Killed a cane toad
  7691 | Lair:1   | Reached skill level 13 in Ranged Weapons
  7691 | Lair:1   | Reached XP level 11. HP: 68/68 MP: 11/14
  7718 | Lair:1   | 7718 ||| INVOKING Heroism.
  7742 | Lair:1   | 7742 ||| INVOKING Heroism.
  7747 | Lair:1   | Reached skill level 9 in Fighting
  7944 | Lair:1   | 7944 ||| INVOKING Heroism.
  7994 | Lair:1   | 7994 ||| INVOKING Heroism.
  8097 | Lair:1   | Found a shadowy altar of Dithmenos.
  8132 | Lair:1   | Reached skill level 6 in Dodging
  8298 | Lair:2   | Reached *** piety under Okawaru
  8318 | Lair:2   | You fall into a shaft and drop 2 floors!
  8351 | Lair:4   | 8351 ||| INVOKING Heroism.
  8533 | Lair:4   | Reached skill level 14 in Ranged Weapons
  8542 | Lair:4   | 8542 ||| INVOKING Heroism.
  8549 | Lair:4   | Reached **** piety under Okawaru
  8734 | Lair:4   | Noticed a skyshark
  8740 | Lair:4   | Killed a skyshark
  8801 | Lair:4   | 8801 ||| INVOKING Heroism.
  8878 | Lair:4   | 8878 ||| UPGRADING to ring of willpower.
  8880 | Lair:4   | 8880 ||| READING 2 scrolls of identify.
  8880 | Lair:4   | 8880 ||| IDENTIFYING clear potion
  8881 | Lair:4   | 8881 ||| DROPPING potion of attraction.
  8921 | Lair:3   | 8921 ||| INVOKING Heroism.
  8937 | Lair:3   | Reached ***** piety under Okawaru
  8938 | Lair:3   | Reached skill level 6 in Invocations
  8938 | Lair:3   | Reached XP level 12. HP: 77/77 MP: 16/16
  8951 | Lair:2   | Noticed an eight-headed hydra
  8952 | Lair:2   | 8952 ||| INVOKING Finesse.
  8956 | Lair:2   | Killed an eight-headed hydra
  9094 | Lair:2   | Found a runed translucent door.
  9096 | Lair:2   | Noticed qw's ghost (journeyman MiHu)
  9272 | Lair:2   | Noticed a skyshark
  9278 | Lair:2   | Killed a skyshark
  9312 | Lair:2   | 9312 ||| Stepping ~*~*~tactically~*~*~ (outnumbered).
  9327 | Lair:2   | 9327 ||| INVOKING Heroism.
  9458 | Lair:2   | Found a staircase to the Snake Pit.
  9472 | Lair:2   | 9472 ||| INVOKING Heroism.
  9665 | Lair:2   | 9665 ||| INVOKING Heroism.
  9669 | Lair:2   | Reached skill level 15 in Ranged Weapons
  9915 | Lair:2   | 9915 ||| UPGRADING to ring of protection from cold.
  9917 | Lair:2   | 9917 ||| DROPPING ring of ice.
  9918 | Lair:2   | 9918 ||| READING scroll labelled XEXITH PIFOAGH.
  9918 | Lair:2   | Identified a scroll of acquirement
  9918 | Lair:2   | 9918 ||| ACQUIRING ring "Agaam" {EV+5 Stlth+}
  9918 | Lair:2   | Acquired the ring "Agaam" {EV+5 Stlth+}
  9920 | Lair:2   | 9920 ||| UPGRADING to ring "Agaam" {EV+5 Stlth+}.
  9922 | Lair:2   | 9922 ||| DROPPING ring of willpower.
  9923 | Lair:2   | 9923 ||| DROPPING ring of protection from cold.
 10000 | Lair:3   | 10000 ||| INVOKING Heroism.
 10072 | Lair:3   | 10072 ||| INVOKING Heroism.
 10236 | Lair:3   | Reached skill level 9 in Invocations
 10301 | Lair:3   | 10301 ||| INVOKING Heroism.
 10550 | Lair:3   | Found a staircase to the Shoals.
 10799 | Lair:3   | 10799 ||| DROPPING amulet of regeneration.
 10800 | Lair:3   | 10800 ||| READING 2 scrolls of identify.
 10800 | Lair:3   | 10800 ||| IDENTIFYING blue potion
 10801 | Lair:3   | 10801 ||| DROPPING potion of ambrosia.
 10862 | Lair:4   | Identified the +6 executioner's axe of Sypiupn {antimagic,
                  | rF- rN+ Stlth+} (Okawaru gifted it to you on level 4 of the
                  | Lair of Beasts)
 10862 | Lair:4   | Received a gift from Okawaru
 10863 | Lair:4   | Reached XP level 13. HP: 82/82 MP: 20/20
 11155 | Lair:5   | Entered Level 5 of the Lair of Beasts
 11156 | Lair:5   | 11156 ||| INVOKING Heroism.
 11190 | Lair:5   | 11190 ||| INVOKING Finesse.
 11198 | Lair:5   | 11198 ||| INVOKING Heroism.
 11253 | Lair:5   | Found a viscous altar of Jiyva.
 11254 | Lair:5   | Found a staircase to the Slime Pits.
 11261 | Lair:5   | 11261 ||| INVOKING Heroism.
 11300 | Lair:5   | Reached skill level 16 in Ranged Weapons
 11325 | Lair:5   | 11325 ||| INVOKING Heroism.
 11646 | Lair:5   | Identified the +0 pair of boots of the Stars {MP-9 Str+7
                  | Int+5} (Okawaru gifted it to you on level 5 of the Lair of
                  | Beasts)
 11646 | Lair:5   | Received a gift from Okawaru
 11716 | Lair:5   | 11716 ||| INVOKING Heroism.
 11757 | Lair:5   | 11757 ||| UPGRADING to +0 pair of boots of the Stars {MP-9
                  | Str+7 Int+5}.
 11838 | Lair:5   | 11838 ||| INVOKING Heroism.
 11839 | Lair:5   | 11839 ||| INVOKING Finesse.
 12032 | Lair:5   | 12032 ||| INVOKING Heroism.
 12033 | Lair:5   | 12033 ||| INVOKING Finesse.
 12179 | Lair:5   | 12179 ||| INVOKING Heroism.
 12251 | Lair:5   | 12251 ||| INVOKING Heroism.
 12283 | Lair:5   | Reached skill level 12 in Fighting
 12312 | Lair:5   | 12312 ||| INVOKING Heroism.
 12329 | Lair:5   | Reached skill level 6 in Armour
 12361 | Lair:5   | 12361 ||| INVOKING Heroism.
 12596 | Lair:5   | Found the +2 pair of slick slippers {slick, slippery, EV+4}
 12601 | Lair:5   | Identified the staff of conjuration "Oveim" {rF+}
 12603 | Lair:5   | 12603 ||| UPGRADING to +2 pair of slick slippers {slick,
                  | slippery, EV+4}.
 12613 | Lair:5   | 12613 ||| DROPPING +0 pair of boots of the Stars {MP-9
                  | Str+7 Int+5}.
 12774 | Lair:5   | 12774 ||| INVOKING Heroism.
 12783 | Lair:5   | Gained mutation: Your large and strong wings let you fly.
                  | [Gargoyle growth]
 12783 | Lair:5   | Reached XP level 14. HP: 92/92 MP: 19/21
 12888 | Lair:5   | 12888 ||| INVOKING Heroism.
 13039 | Lair:5   | 13039 ||| PLANNING D:1-11
 13039 | Lair:5   | 13039 ||| READING 2 scrolls of identify.
 13039 | Lair:5   | 13039 ||| IDENTIFYING murky blue potion
 13040 | Lair:5   | 13040 ||| DROPPING potion of invisibility.
 13392 | D:9      | 13392 ||| Stepping ~*~*~tactically~*~*~ (outnumbered).
 13394 | D:9      | 13394 ||| Stepping ~*~*~tactically~*~*~ (outnumbered).
 13396 | D:9      | 13396 ||| Stepping ~*~*~tactically~*~*~ (outnumbered).
 13398 | D:9      | 13398 ||| Stepping ~*~*~tactically~*~*~ (outnumbered).
 13400 | D:9      | 13400 ||| Stepping ~*~*~tactically~*~*~ (outnumbered).
 13402 | D:9      | 13402 ||| Stepping ~*~*~tactically~*~*~ (outnumbered).
 13468 | D:9      | Reached skill level 9 in Dodging
 13730 | D:9      | 13730 ||| READING scroll labelled HOTEGU NEKHO.
 13778 | D:10     | Entered Level 10 of the Dungeon
 13779 | D:10     | 13779 ||| INVOKING Heroism.
 13943 | D:10     | 13943 ||| INVOKING Heroism.
 13998 | D:10     | 13998 ||| INVOKING Heroism.
 14506 | D:10     | 14506 ||| Stepping ~*~*~tactically~*~*~ (outnumbered).
 14508 | D:10     | 14508 ||| Stepping ~*~*~tactically~*~*~ (outnumbered).
 14509 | D:10     | 14509 ||| Stepping ~*~*~tactically~*~*~ (outnumbered).
 14512 | D:10     | 14512 ||| Stepping ~*~*~tactically~*~*~ (outnumbered).
 14519 | D:10     | 14519 ||| DROPPING amulet of guardian spirit.
 14520 | D:10     | 14520 ||| DROPPING ring of see invisible.
 14521 | D:10     | 14521 ||| READING scroll labelled EROAS RUNAETTUCO.
 14625 | D:11     | 14625 ||| Stepping ~*~*~tactically~*~*~ (outnumbered).
 14629 | D:11     | 14629 ||| Stepping ~*~*~tactically~*~*~ (outnumbered).
 14631 | D:11     | 14631 ||| Stepping ~*~*~tactically~*~*~ (outnumbered).
 15241 | D:11     | 15241 ||| PLANNING D
 15241 | D:11     | 15241 ||| READING scroll labelled MEHUESOVOR.
 15398 | D:12     | 15398 ||| Stepping ~*~*~tactically~*~*~ (outnumbered).
 15400 | D:12     | 15400 ||| Stepping ~*~*~tactically~*~*~ (outnumbered).
 15402 | D:12     | 15402 ||| Stepping ~*~*~tactically~*~*~ (outnumbered).
 15404 | D:12     | 15404 ||| Stepping ~*~*~tactically~*~*~ (outnumbered).
 15406 | D:12     | 15406 ||| Stepping ~*~*~tactically~*~*~ (outnumbered).
 15411 | D:12     | 15411 ||| Stepping ~*~*~tactically~*~*~ (outnumbered).
 15413 | D:12     | 15413 ||| Stepping ~*~*~tactically~*~*~ (outnumbered).
 15507 | D:12     | 15507 ||| Stepping randomly (disturbance).
 15508 | D:12     | 15508 ||| Stepping randomly (disturbance).
 15511 | D:12     | 15511 ||| Stepping randomly (disturbance).
 15577 | D:12     | 15577 ||| Stepping ~*~*~tactically~*~*~ (outnumbered).
 15579 | D:12     | 15579 ||| Stepping ~*~*~tactically~*~*~ (outnumbered).
 15737 | D:12     | 15737 ||| INVOKING Heroism.
 15971 | D:12     | Found a staircase to the Orcish Mines.
 16149 | D:12     | 16149 ||| Stepping randomly (disturbance).
 16150 | D:12     | 16150 ||| Stepping randomly (disturbance).
 16265 | D:12     | 16265 ||| READING scroll labelled VYDIB OPPE.
 16266 | D:12     | 16266 ||| READING 6 scrolls of identify.
 16266 | D:12     | 16266 ||| IDENTIFYING silvery potion
 16267 | D:12     | 16267 ||| DROPPING potion of degeneration.
 16280 | D:13     | 16280 ||| INVOKING Heroism.
 16296 | D:13     | Identified the +4 great sword of the Exiled Quests {speed,
                  | Will+} (Okawaru gifted it to you on level 13 of the
                  | Dungeon)
 16296 | D:13     | Received a gift from Okawaru
 16299 | D:13     | HP: 23/96 [skeletal warrior/+0 glaive (7)]
 16300 | D:13     | 16300 ||| READING 4 scrolls of teleportation.
 16301 | D:13     | 16301 ||| DRINKING potion of heal wounds.
 16315 | D:13     | Reached skill level 15 in Fighting
 16570 | D:13     | 16570 ||| INVOKING Heroism.
 16571 | D:13     | 16571 ||| INVOKING Finesse.
 16662 | D:13     | 16662 ||| INVOKING Heroism.
 16670 | D:13     | Reached XP level 15. HP: 103/103 MP: 20/22
 16845 | D:13     | 16845 ||| INVOKING Heroism.
 16901 | D:13     | Found a gate to the Vaults.
 17084 | D:13     | 17084 ||| Stepping ~*~*~tactically~*~*~ (outnumbered).
 17086 | D:13     | 17086 ||| Stepping ~*~*~tactically~*~*~ (outnumbered).
 17100 | D:13     | 17100 ||| INVOKING Heroism.
 17221 | D:13     | 17221 ||| Stepping ~*~*~tactically~*~*~ (outnumbered).
 17290 | D:13     | 17290 ||| Stepping ~*~*~tactically~*~*~ (outnumbered).
 17292 | D:13     | 17292 ||| Stepping ~*~*~tactically~*~*~ (outnumbered).
 17294 | D:13     | 17294 ||| Stepping ~*~*~tactically~*~*~ (outnumbered).
 17476 | D:13     | 17476 ||| FLEEEEING.
 17478 | D:13     | 17478 ||| FLEEEEING.
 17479 | D:13     | 17479 ||| FLEEEEING.
 17481 | D:13     | 17481 ||| STAIRDANCE
 17543 | D:12     | 17543 ||| READING 5 scrolls of identify.
 17543 | D:12     | 17543 ||| IDENTIFYING sedimented puce potion
 17544 | D:12     | 17544 ||| DROPPING potion of berserk rage.
 17561 | D:13     | Found a hazy altar of Hepliaklqana.
 17614 | D:13     | 17614 ||| INVOKING Heroism.
 17792 | D:14     | 17792 ||| FLEEEEING.
 17802 | D:14     | 17802 ||| STAIRDANCE
 17975 | D:14     | 17975 ||| FLEEEEING.
 17976 | D:14     | 17976 ||| FLEEEEING.
 17978 | D:14     | 17978 ||| FLEEEEING.
 17979 | D:14     | 17979 ||| FLEEEEING.
 17980 | D:14     | 17980 ||| FLEEEEING.
 17981 | D:14     | 17981 ||| FLEEEEING.
 17982 | D:14     | 17982 ||| FLEEEEING.
 17983 | D:14     | 17983 ||| FLEEEEING.
 17984 | D:14     | 17984 ||| FLEEEEING.
 18219 | D:14     | Noticed Snorg
 18224 | D:14     | 18224 ||| INVOKING Heroism.
 18228 | D:14     | Killed Snorg
 18646 | D:15     | Entered Level 15 of the Dungeon
 18711 | D:15     | Found a sparkling altar of Nemelex Xobeh.
 18811 | D:15     | 18811 ||| FLEEEEING.
 18813 | D:15     | 18813 ||| FLEEEEING.
 18875 | D:15     | Found a staircase to the Depths.
 18876 | D:15     | 18876 ||| INVOKING Heroism.
 18877 | D:15     | 18877 ||| SWAPPING to +0 longbow.
 18885 | D:15     | Identified the +3 chain mail of the Evening Star {rF+}
                  | (Okawaru gifted it to you on level 15 of the Dungeon)
 18885 | D:15     | Received a gift from Okawaru
 18886 | D:15     | 18886 ||| DROPPING +6 orcbow of Ancient Evil {freeze, rElec
                  | Will+ Str+5}.
 18887 | D:15     | 18887 ||| READING 2 scrolls of enchant weapon.
 18887 | D:15     | 18887 ||| ENCHANTING +0 longbow.
 18888 | D:15     | 18888 ||| READING scroll of enchant weapon.
 18888 | D:15     | 18888 ||| ENCHANTING +1 longbow.
 18889 | D:15     | 18889 ||| READING 2 scrolls of brand weapon.
 18889 | D:15     | 18889 ||| BRANDING +2 longbow.
 18890 | D:15     | 18890 ||| READING scroll of brand weapon.
 18890 | D:15     | 18890 ||| BRANDING +2 heavy longbow.
 19076 | D:15     | 19076 ||| INVOKING Heroism.
 19100 | D:15     | Found a frozen archway.
 19323 | D:15     | 19323 ||| Stepping ~*~*~tactically~*~*~ (outnumbered).
 19326 | D:15     | 19326 ||| Stepping ~*~*~tactically~*~*~ (outnumbered).
 19601 | D:15     | 19601 ||| PLANNING ORC
 19713 | Orc:1    | Entered Level 1 of the Orcish Mines
 19716 | Orc:1    | 19716 ||| STAIRDANCE
 19799 | Orc:1    | 19799 ||| STAIRDANCE
 19871 | Orc:1    | 19871 ||| STAIRDANCE
 19873 | D:12     | 19873 ||| INVOKING Heroism.
 20122 | Orc:1    | 20122 ||| Stepping ~*~*~tactically~*~*~ (outnumbered).
 20125 | Orc:1    | 20125 ||| Stepping ~*~*~tactically~*~*~ (outnumbered).
 20132 | Orc:1    | Found a radiant altar of Vehumet.
 20209 | Orc:1    | Noticed Josephine
 20221 | Orc:1    | 20221 ||| Stepping ~*~*~tactically~*~*~ (outnumbered).
 20226 | Orc:1    | Killed Josephine
 20307 | Orc:1    | You are sucked into a shaft and drop 1 floor!
 20307 | Orc:2    | Entered Level 2 of the Orcish Mines
 20307 | Orc:2    | Found Ummufer's Antique Armour Emporium.
 20307 | Orc:2    | Noticed an orc warlord
 20308 | Orc:2    | 20308 ||| INVOKING Heroism.
 20309 | Orc:2    | 20309 ||| INVOKING Finesse.
 20316 | Orc:2    | Reached skill level 17 in Ranged Weapons
 20320 | Orc:2    | Killed an orc warlord
 20348 | Orc:2    | Noticed Jorgrun
 20359 | Orc:2    | Noticed Sonja
 20365 | Orc:2    | HP: 1/104 [Jorgrun/Lee's Rapid Deconstruction (34)]
 20366 | Orc:2    | 20366 ||| READING 5 scrolls of teleportation.
 20374 | Orc:2    | Killed Jorgrun
 20375 | Orc:2    | Reached XP level 16. HP: 3/110 MP: 19/23
 20375 | Orc:2    | Found Iklij's Jewellery Boutique.
 20376 | Orc:2    | 20376 ||| READING 4 scrolls of teleportation.
 20383 | Orc:2    | Found Huitufreb's Antique Weapon Shoppe.
 20403 | Orc:2    | 20403 ||| FLEEEEING.
 20404 | Orc:2    | 20404 ||| READING 3 scrolls of teleportation.
 20414 | Orc:2    | 20414 ||| READING 2 scrolls of teleportation.
 20420 | Orc:2    | 20420 ||| INVOKING Heroism.
 20421 | Orc:2    | 20421 ||| READING scroll of teleportation.
 20477 | Orc:2    | 20477 ||| INVOKING Heroism.
 20480 | Orc:2    | HP: 18/110 [orc priest/divine providence[an orc knight]
                  | (15)]
 20487 | Orc:2    | Noticed Azrael
 20492 | Orc:2    | Killed from afar by Azrael

Levels and vault maps discovered:
D:1:      lemuel_arrival_tunnels, layout_basic, serial_shops, shop,
          supply_closet_lemuel
D:2:      layout_loops_ring, minmay_misc_feat_encased, minmay_bisected
D:3:      layout_basic, mainiacjoe_overflow_catwalk,
          ebering_ghost_disaster_area, serial_curves, eino_curves_01,
          eino_curves_01
D:4:      layout_rooms, nzn_wu_jian_contemplation, minmay_misc_feat_plants,
          grunt_ministairs_7, minmay_misc_feat_iff, hex_tiny, uniq_blork_the_orc
D:5:      layout_loops_ring, chequers_temple_overflow_statue_of_worship,
          minmay_fractal_squares_gapless_5
D:6:      layout_loops_corners, grunt_ministairs_7
D:7:      layout_basic, minmay_temple_entry_tees, nicolae_titane
D:8:      layout_basic, fedhas_altar_4, tgw_trog, mainiacjoe_overflow_swirl,
          david_lair_generic, nrook_pool_corridor
D:9:      layout_roguey
D:10:     layout_long_grid, serial_demonic, serial_demonic_d, serial_demonic_a,
          serial_demonic_d, serial_demonic_f, serial_demonic_f,
          serial_demonic_a, serial_demonic_c, serial_demonic_a,
          hangedman_weighted_door, kennysheep_small_spiral
D:11:     layout_loops_ring
D:12:     minmay_razor_zed, layout_long_grid, columned_hall_lemuel
D:13:     minmay_open_boxes_in_corner, layout_basic,
          grunt_vaults_entry_fortified, nicolae_hepliaklqana_monster_ancestors
D:14:     layout_roguey, chequers_serial_rivers_large_b,
          minmay_misc_feat_columns, nicolae_straight_to_the_point, uniq_snorg
D:15:     grunt_enter_depths_snipers, layout_grid_maze,
          portal_ice_cave_entry_ugly_swarm, nemelex_spade_bored_becter,
          minmay_fire_ice_demons
Temple:   nicolae_temple_great_sept
Lair:1:   gammafunk_boulding_lane, layout_chaotic_city, basic_altar,
          infiniplex_staircase_pool_2
Lair:2:   layout_long_grid, minmay_snake_entry_guardpost_medium,
          ebering_ghost_inner_flame
Lair:3:   layout_cave_pods, nicolae_shoals_entry_roost, grunt_megastairs_2
Lair:4:   layout_gridlike
Lair:5:   minmay_lair_end_enchanted_forest, layout_cave_pods, slime_entry_1,
          nzn_sisyphean_effort, serial_bayou_shore_a, serial_bayou_shore_b
Orc:1:    layout_diamond_mine, basic_altar, minmay_orc_barracks, uniq_erolcha,
          uniq_josephine
Orc:2:    grunt_orc_gardens, layout_diamond_mine, grunt_orc_garden,
          grunt_orc_garden, grunt_orc_garden, grunt_orc_garden, uniq_nessos,
          uniq_jorgrun, uniq_azrael, uniq_sonja

Skill      XL: |  1  2  3  4  5  6  7  8  9 10 11 12 13 14 15 |
---------------+----------------------------------------------+-----
Ranged Weapons | 5 6 7 8 9 11 13 14 15 16 17 | 17.7
Fighting       | 3 4 5 6 7 8 10 12 15 16 | 16.0
Armour         | 1 3 4 6 7 |  7.0
Dodging        | 2 3 4 5 6 7 8 10 11 | 11.3
Invocations    | 3 4 6 9 10 | 10.0
Stealth        | |  1.1

Action                     |  1- 3 |  4- 6 |  7- 9 | 10-12 | 13-15 | 16-18 || total
---------------------------+-------+-------+-------+-------+-------+-------++-------
   Fire: Shortbow          |   119 |   193 |   121 |       |       |       ||   433
         Orcbow            |       |       |    32 |   360 |  1128 |       ||  1520
         Arbalest          |       |       |   119 |    57 |       |       ||   176
         Longbow           |       |       |       |       |   239 |    63 ||   302
 Invoke: Heroism           |       |       |     1 |    20 |    28 |     2 ||    51
         Finesse           |       |       |       |     1 |     5 |       ||     6
    Use: Scroll            |     3 |     4 |     9 |     5 |    13 |     4 ||    38
         Potion            |       |     2 |     1 |       |     1 |       ||     4
 Armour: Leather armour    |    40 |    41 |    56 |    77 |   134 |     3 ||   351
  Dodge: Dodged            |    33 |    71 |    83 |   149 |   727 |    13 ||  1076
  Block: Other             |       |       |       |    32 |   163 |     3 ||   198
         Reflection        |       |       |       |       |     6 |       ||     6

Table legend:
 A = Non-vault XP
 B = Vault XP
 C = Vault XP percentage of total XP
 D = Non-vault monster count
 E = Vault monster count
 F = Vault count percentage of total count
                 A         B        C        D         E       F
            +---------+---------+-------+---------+---------+-------
      Total |   76705 |   56076 |  42.2 |     472 |     179 |  27.5
            +---------+---------+-------+---------+---------+-------
        D:1 |      39 |       0 |   0.0 |      20 |       0 |   0.0
        D:2 |      92 |       6 |   6.1 |      12 |       4 |  25.0
        D:3 |      33 |       0 |   0.0 |      15 |       0 |   0.0
        D:4 |     120 |     135 |  52.9 |      26 |       3 |  10.3
        D:5 |     707 |     369 |  34.3 |      21 |       5 |  19.2
        D:6 |     883 |      96 |   9.8 |      17 |       2 |  10.5
        D:7 |    1797 |       0 |   0.0 |      24 |       0 |   0.0
        D:8 |    1336 |     794 |  37.3 |      25 |       4 |  13.8
        D:9 |    3885 |       0 |   0.0 |      34 |       0 |   0.0
       D:10 |    3341 |    6893 |  67.4 |      27 |      25 |  48.1
       D:11 |    1700 |       0 |   0.0 |      14 |       0 |   0.0
       D:12 |    6575 |    3664 |  35.8 |      29 |      10 |  25.6
       D:13 |    9506 |   11438 |  54.6 |      14 |      20 |  58.8
       D:14 |    4236 |     967 |  18.6 |      13 |       1 |   7.1
       D:15 |    1976 |    7948 |  80.1 |       4 |      19 |  82.6
     Lair:1 |    5389 |       0 |   0.0 |      18 |       0 |   0.0
     Lair:2 |    4597 |     809 |  15.0 |      18 |       5 |  21.7
     Lair:3 |    5039 |    3515 |  41.1 |      25 |       8 |  24.2
     Lair:4 |    6630 |       0 |   0.0 |      19 |       0 |   0.0
     Lair:5 |   14010 |    8774 |  38.5 |      37 |      46 |  55.4
      Orc:1 |    1897 |    1739 |  47.8 |      35 |       5 |  12.5
      Orc:2 |    2917 |    8929 |  75.4 |      25 |      22 |  46.8
            +---------+---------+-------+---------+---------+-------
